Unix NetHack Version 3.7.0-53 Work-in-progress - last build Apr 1 2022 12:02:44 (7e311aa8f678825fd515f266b121b8a7a7199ace,branch:master). Game began 2022-04-03 15:42:35, ended 2022-04-03 15:47:50. Gandelf, neutral male human Monk ---- |..| ---- |..| ---..| --.| ------....-- --.| ---- |..--......| |..| |..------..........---|.-- |.......^.............|.| --.-----.%)@.......--.|.-- --.......*-.?.--..||....| ---.----......@.----|-...| ---------...---......SFF.^| |..-.-- -.<...............#--|Zr%.| |.....| |..----------....##- |[|--- --....-- .... |....# |Z| |.....-- ..... -...-# d- --......| |...--- ....| |. |.......| --.- ......| -- --.....-- -- ----...| |....-- ----- ---.-- --- Gandelf the Novice St:16 Dx:15 Co:11 In:10 Wi:11 Ch:12 Neutral S:762 Dlvl:5 $:28 HP:0(35) Pw:19(19) AC:1 Xp:4/131 T:335 Latest messages: You hit the rock piercer! You hit the rock piercer! The cave spider misses! The dwarf zombie hits the hobgoblin. The hobgoblin is killed! The gnome misses the dwarf zombie. You miss the rock piercer. The cave spider bites! The giant rat misses! The gnome misses the dwarf zombie. You miss the rock piercer. The cave spider bites! The garter snake misses! The giant rat misses! A gush of water hits the giant rat! The gnome misses the dwarf zombie. You miss the rock piercer. The cave spider bites! The giant rat bites! You kill the rock piercer! The cave spider misses! The giant rat bites! The dwarf zombie hits the gnome. The gnome is killed! You hit the paper golem! You hit the paper golem! The cave spider bites! The paper golem hits! The garter snake bites! The giant rat bites! What do you want to read? [cdmr or ?*] ? As you read the scroll, it disappears. Your pair of leather gloves glows black for a moment. What do you want to write with? [- o-qsvx-zBC or ?*] - You write in the dust with your fingertip. What do you want to write in the dust here? ELBERETH The cave spider misses! The paper golem hits! The garter snake bites! The giant rat misses! You kill the gas spore! The paper golem is caught in the gas spore's explosion! You destroy the paper golem! The cave spider is caught in the gas spore's explosion! You kill the cave spider! The giant rat is caught in the gas spore's explosion! You kill the giant rat! You are caught in the gas spore's explosion! It is fatal. Do you want your possessions identified? [ynq] (y) q Major events: Turn 1: Gandelf the neutral male human Monk entered the dungeon 155: entered the Gnomish Mines 197: attained the rank of Novice (level 3) 335: killed by a gas spore's explosion Inventory: Coins $ - 28 gold pieces Weapons q - 9 +0 elven arrows (in quiver) v - 8 +0 darts B - a +0 dagger p - a cursed -1 elven dagger Armor t - an uncursed +0 dwarvish iron helm (being worn) a - a cursed +1 pair of leather gloves (being worn) u - an uncursed +0 pair of iron shoes (being worn) b - an uncursed +1 robe (being worn) Comestibles g - 7 uncursed apples f - 3 uncursed food rations i - 3 uncursed fortune cookies h - 5 uncursed oranges Scrolls d - an uncursed scroll of identify Spellbooks c - a blessed spellbook of confuse monster r - an uncursed spellbook of stone to flesh Potions l - an uncursed potion of levitation e - 3 uncursed potions of water j - an uncursed potion of water Tools A - an uncursed leash w - a +0 pick-axe n - a blessed tallow candle k - an uncursed tin whistle Gems/Stones o - 2 uncursed agate stones y - an uncursed emerald x - an uncursed worthless piece of blue glass s - an uncursed worthless piece of green glass C - an uncursed worthless piece of red glass z - an uncursed worthless piece of yellowish brown glass Gandelf the Monk's attributes: Background: You were a Novice, a level 4 male human Monk. You were neutral, on a mission for Chih Sung-tzu who was opposed by Shan Lai Ching (lawful) and Huan Ti (chaotic). You were in the Gnomish Mines, on level 5. You entered the dungeon 335 turns ago. There was a new moon in effect when your adventure ended. You had 131 experience points, 29 more were needed to attain level 5. Your score was 762 before end-of-game adjustments. Basics: You had 0 out of 35 hit points. You had all 19 energy points (spell power). Your armor class was 1. Your wallet contained 28 zorkmids. Autopickup was off. Final Characteristics: Your strength was 16 (limit:18/100). Your dexterity was 15 (limit:18). Your constitution was 11 (limit:18). Your intelligence was 10 (limit:18). Your wisdom was 11 (limit:18). Your charisma was 12 (limit:18). Final Status: You were not hungry. You were unencumbered. You were empty handed. You had basic skill with martial arts. Final Attributes: You were fervently aligned. You were sleep resistant. You were poison resistant. You saw invisible. You were guarded. You were fast. You are dead. Miscellaneous: You never encountered a bones level. Total elapsed playing time was 5 minutes and 15 seconds. Vanquished creatures: a rock piercer a paper golem 3 dwarves a gas spore a hobbit a hobgoblin a giant rat a cave spider a brown mold 10 gnomes a grid bug 2 kobold zombies 24 creatures vanquished. No species were genocided or became extinct. Voluntary challenges: You went without food. You were an atheist. You never hit with a wielded weapon. You read items or engraved 2 times. You never engraved Elbereth. You never genocided any monsters. You never polymorphed an object. You never changed form. You used no wishes. Achievements: You entered the Gnomish Mines. You attained the rank of Novice. The Dungeons of Doom: levels 1 to 3 Level 1: Level 2: Level 3: A fountain. Stairs down to The Gnomish Mines. The Gnomish Mines: levels 4 to 5 Level 4: Level 5: <- You were here. Final resting place for you, killed by a gas spore's explosion. Game over: ---------- / \ / REST \ / IN \ / PEACE \ / \ | Gandelf | | 28 Au | | killed by a gas | | spore's | | explosion | | | | 2022 | *| * * * | * _________)/\\_//(\/(/\)/\//\/|_)_______ Goodbye Gandelf the Monk... You died in The Gnomish Mines on dungeon level 5 with 760 points, and 28 pieces of gold, after 335 moves. You were level 4 with a maximum of 35 hit points when you died.